 Dungeon Crawl Stone Soup version 0.29-a0-770-g2e8140cf71 (webtiles) character file.

Game seed: 12232933843440344990

3 PentaManta the Insei (level 1, 0/15 HPs)
             Began as a Merfolk Transmuter on July 1, 2022.
             Hit by a stone thrown by a kobold (1 damage)
             ... on level 1 of the Dungeon.
             The game lasted 00:00:33 (278 turns).

PentaManta the Insei (Merfolk Transmuter)            Turns: 278, Time: 00:00:34

Health: 0/15       AC:  2    Str: 10    XL:     1   Next: 50%
Magic:  3/3        EV: 12    Int: 12    God:
Gold:   16         SH:  0    Dex: 14    Spells: 3/4 levels left

rFire   . . .      SeeInvis .     - Unarmed
rCold   . . .      Faith    .   (no shield)
rNeg    . . .      Spirit   .   a - +0 robe
rPois   .          Reflect  .   (no helmet)
rElec   .          Harm     .   (no cloak)
rCorr   .          Rampage  .   (no gloves)
Will    .....                   (no boots)
Stlth   +.........              (no amulet)
HPRegen 0.05/turn               (no ring)
MPRegen 0.08/turn               (no ring)

@: no status effects
A: (nimble swimmer 2), mertail
a: no special abilities


You were on level 1 of the Dungeon.
You visited 1 branch of the dungeon, and saw 1 of its levels.

You collected 16 gold pieces.

Inventory:

Armour
 a - a +0 robe (worn)
Scrolls
 e - a scroll of identify {unknown}
Potions
 b - 3 potions of lignification
 c - a potion of mutation {unknown}
 d - a potion of heal wounds {unknown}


   Skills:
 - Level 1.1 Fighting
 - Level 2.6 Dodging
 - Level 3.2 Unarmed Combat
 + Level 2.1 Spellcasting
 + Level 2.9 Transmutations


You had 3 spell levels left.
You knew the following spells:

 Your Spells              Type           Power      Damage    Failure   Level
a - Beastly Appendage     Tmut           16%        N/A       8%          1

Your spell library contained the following spells:

 Spells                   Type           Power      Damage    Failure   Level
 Wereblood                Tmut           8%         N/A       12%         2
 Spider Form              Tmut/Pois      4%         N/A       41%         3
 Ice Form                 Ice/Tmut       4%         N/A       82%         4


Dungeon Overview and Level Annotations

Branches:
Dungeon (1/15)

Altars:


Innate Abilities, Weirdness & Mutations

((You are very nimble when in or above water. (Stealth+, EV+, Speed+++)))
Your lower body shifts to a powerful aquatic tail in water.


Message History

Your transformation is almost over.
Magic restored.
Found 5 gold pieces.
Things that are here:
a +0 club; a goblin corpse
d - a fuming amethyst potion Your horns disappear.
Found a long sword.
Found 5 stones.
You now have 5 gold pieces.
Found a dagger.
You now have 16 gold pieces (gained 11).
You see here a +0 long sword.
e - a scroll labelled LEPASEI QUYSCHA
Found a hand axe.
There is a stone staircase leading down here.
A rat comes into view.
A rat is nearby!
A rat is nearby!
You grow a pair of large bovine horns.
The helpless rat fails to defend itself.
You hit the rat.
You kill the rat!
No target in view!
Your transformation is almost over.
A kobold comes into view. It is wielding a +2 dagger of speed.
A kobold is nearby!
A kobold is nearby!
Found 4 gold pieces.
The kobold shouts!
The kobold hits you with a +2 dagger of speed.
You hit the kobold but do no damage.
The kobold hits you with a +2 dagger of speed. x2
* * * LOW HITPOINT WARNING * * *
Unknown command.
The kobold throws a stone.
The stone hits you but does no damage.
Your horns disappear.
The kobold throws a stone.
The stone barely misses you.
The kobold throws a stone.
The stone hits you.
You die...

# #.###...# #...### #...#.#.#
###.....# #...#.#####...#.#.##
..######## ###....#....#......##
##........#####.##K.............#
#########.##....#................
# #..#.####..............# #
##...# ##......).......# ##
#..>###@.#............# .#
#####.#.....###...##...#..##
.#####....>#..#### ######.###....
..............## #........#..
##...####.#....# #........# .
#..#.[....##...### #........#
..#####.....#....#####...)....#
#####...###..##.>..)##......(.# #
#...### ##.####.#.##........#


You could see a kobold.

Vanquished Creatures
  An endoplasm (D:1)
  A goblin (D:1)
  A rat (D:1)
3 creatures vanquished.

Notes
Turn   | Place    | Note
-------+----------+-------------------------------------------
     0 | D:1      | PentaManta the Merfolk Transmuter began the quest for the
                  | Orb.
     0 | D:1      | Reached XP level 1. HP: 15/15 MP: 3/3
   278 | D:1      | Hit by a stone thrown by a kobold

Illustrated notes

Levels and vault maps discovered:
D:1:      amcnicky_arrival_single_pillar, layout_rooms, basic_ecumenical_altar

Action                   || total
-------------------------++-------
Melee: Unarmed           ||     5
 Cast: Beastly Appendage ||     2
 Stab: Sleeping          ||     1
Armor: Robe              ||     1
Dodge: Dodged            ||     1

Table legend: (Time is in decaauts)
 A = Elapsed time spent in this place.
 B = Non-inter-level travel time spent in this place.
 C = Inter-level travel time spent in this place.
 D = Time resting spent in this place.
 E = Time spent auto-exploring this place.
 F = Levels seen in this place.
 G = Mean time per level.
                   A        B        C        D        E       F      G
               +--------+--------+--------+--------+--------+-----+--------+
         Total |    277 |    277 |      0 |      0 |    236 |   1 |  277.0 |
       Dungeon |    277 |    277 |      0 |      0 |    236 |   1 |  277.0 |
               +--------+--------+--------+--------+--------+-----+--------+

Top non-repeatable levels by time:
     D:1: 277 daAuts
